A
LOWELL PATRIOTS @ READING RAILERS
08/17/2059
 
TOP OF THE 1ST
Lowell Patriots batting - Pitching for Reading Railers : LHP Colin Tabor
Pitching: LHP Colin Tabor
Batting: LHB Johnny Nieves 0-0: Foul Ball, location: 2F
0-1: Ground out 4-3 (Groundball, 4, EV 83.1 MPH)
Batting: RHB Scott Bergan 0-0: Ball
1-0: Swinging Strike
1-1: Ground out 6-3 (Groundball, 6, EV 106.2 MPH)
Batting: LHB Rick Blom 0-0: Ball
1-0: Foul Ball, location: 2F
1-1: Hit by Pitch
Batting: RHB Parker Woods 0-0: Ball
1-0: Ball
2-0: Called Strike
2-1: Ball
3-1: Ground out 4-3 (Groundball, 34, EV 89.4 MPH)
Top of the 1st over - 0 runs, 0 hits, 0 errors, 1 left on base; Lowell 0 - Reading 0
BOTTOM OF THE 1ST
Reading Railers batting - Pitching for Lowell Patriots : RHP Lee Moss
Pitching: RHP Lee Moss
Batting: LHB Ronnie Jensen 0-0: Ball
1-0: Swinging Strike
1-1: Foul Ball, location: 2F
1-2: Fly out, F6 (Popup, 15, EV 85.6 MPH)
Batting: RHB Dominick Munn 0-0: Ball
1-0: Fly out, F8 (Line Drive, 8LM, EV 94.4 MPH)
Batting: LHB Nick Rankin 0-0: Ball
1-0: Ground out 4-3 (Groundball, 4M, EV 105.6 MPH)
Bottom of the 1st over - 0 runs, 0 hits, 0 errors, 0 left on base; Lowell 0 - Reading 0
TOP OF THE 2ND
Lowell Patriots batting - Pitching for Reading Railers : LHP Colin Tabor
Batting: LHB Rashaun Harrington 0-0: Called Strike
0-1: Ball
1-1: Swinging Strike
1-2: Strikes out swinging
Batting: RHB Kyle DiRocco 0-0: Ball
1-0: Swinging Strike
1-1: Swinging Strike
1-2: Foul Ball, location: 2F
1-2: Strikes out swinging
Batting: LHB Erik Dockery 0-0: Ball
1-0: Ball
2-0: Called Strike
2-1: Fly out, F5 (Popup, 5, EV 63.1 MPH)
Top of the 2nd over - 0 runs, 0 hits, 0 errors, 0 left on base; Lowell 0 - Reading 0
BOTTOM OF THE 2ND
Reading Railers batting - Pitching for Lowell Patriots : RHP Lee Moss
Batting: LHB Tommy Olson 0-0: Called Strike
0-1: Ground out 4-3 (Groundball, 4, EV 88.1 MPH)
Batting: RHB Nyles Quinones 0-0: Ball
1-0: Ball
2-0: Swinging Strike
2-1: Swinging Strike
2-2: Ball
3-2: SINGLE (Line Drive, 3D, EV 95.6 MPH)
Batting: LHB Shawn Shope 0-0: Fielders Choice at 2nd, 4-6 (Groundball, 4M, EV 102.5 MPH)
Batting: RHB Jaren Barr 0-0: Ball
1-0: Foul Ball, location: 2F
1-1: Ball
2-1: Ball
3-1: Called Strike
3-2: Strikes out swinging
Bottom of the 2nd over - 0 runs, 1 hit, 0 errors, 1 left on base; Lowell 0 - Reading 0
TOP OF THE 3RD
Lowell Patriots batting - Pitching for Reading Railers : LHP Colin Tabor
Batting: RHB Kolten bin Aladdin 0-0: Ball
1-0: Foul Ball, location: 2F
1-1: Ball
2-1: Ball
3-1: Foul Ball, location: 2F
3-2: Strikes out swinging
Batting: RHB Cecil Soedjatmoko 0-0: Called Strike
0-1: Ground out 4-3 (Groundball, 34, EV 95.6 MPH)
Batting: LHB Johnny Nieves 0-0: Fly out, F6 (Popup, 6MD, EV 68.8 MPH)
Top of the 3rd over - 0 runs, 0 hits, 0 errors, 0 left on base; Lowell 0 - Reading 0
BOTTOM OF THE 3RD
Reading Railers batting - Pitching for Lowell Patriots : RHP Lee Moss
Batting: RHB Riley Callaghan 0-0: Ball
1-0: Ball
2-0: Foul Ball, location: 2F
2-1: Called Strike
2-2: Fly out, F9 (Flyball, 9D, EV 98.1 MPH)
Batting: RHB Levi Jewell 0-0: Fly out, F7 (Flyball, 78D, EV 101.9 MPH)
Batting: LHB Ronnie Jensen 0-0: Called Strike
0-1: Swinging Strike
0-2: Strikes out swinging
Bottom of the 3rd over - 0 runs, 0 hits, 0 errors, 0 left on base; Lowell 0 - Reading 0
TOP OF THE 4TH
Lowell Patriots batting - Pitching for Reading Railers : LHP Colin Tabor
Batting: RHB Scott Bergan 0-0: Called Strike
0-1: Ball
1-1: Called Strike
1-2: Ball
2-2: Ball
3-2: Base on Balls
Batting: LHB Rick Blom 0-0: Ball
1-0: Ball
2-0: Fly out, F9 (Flyball, 9LSF, EV 78.8 MPH)
Batting: RHB Parker Woods 0-0: Ball
1-0: Grounds into double play, 6-4-3 (Groundball, 6M, EV 86.9 MPH)
Top of the 4th over - 0 runs, 0 hits, 0 errors, 0 left on base; Lowell 0 - Reading 0
BOTTOM OF THE 4TH
Reading Railers batting - Pitching for Lowell Patriots : RHP Lee Moss
Batting: RHB Dominick Munn 0-0: Fly out, F9 (Flyball, 89M, EV 93.8 MPH)
Batting: LHB Nick Rankin 0-0: SINGLE (Line Drive, 89S, EV 109.4 MPH)
Batting: LHB Tommy Olson 0-0: Ball
1-0: Foul Ball, location: 2F
1-1: Foul Ball, location: 2F
1-2: Fly out, F9 (Flyball, 89D, EV 88.1 MPH)
Batting: RHB Nyles Quinones 0-0: Ball
Wild Pitch!
Nick Rankin to second
1-0: Ball
2-0: Foul Ball, location: 2F
2-1: Reached on error, E5 (Groundball, 56D, EV 102.5 MPH)
Nick Rankin to third
Batting: LHB Shawn Shope 0-0: Ball
1-0: Foul Ball, location: 2F
1-1: Swinging Strike
1-2: Ball
2-2: Foul Ball, location: 2F
2-2: Ball
3-2: Foul Ball, location: 2F
3-2: DOUBLE (Flyball, 78D, EV 101.2 MPH)
Nick Rankin scores
Nyles Quinones to third
Nyles Quinones scores
Batting: RHB Jaren Barr 0-0: Called Strike
0-1: Ball
1-1: Ball
2-1: Fly out, F8 (Flyball, 78D, EV 86.9 MPH)
Bottom of the 4th over - 2 runs, 2 hits, 1 error, 1 left on base; Lowell 0 - Reading 2
TOP OF THE 5TH
Lowell Patriots batting - Pitching for Reading Railers : LHP Colin Tabor
Batting: LHB Rashaun Harrington 0-0: Ball
1-0: Ball
2-0: Swinging Strike
2-1: Foul Ball, location: 2F
2-2: Foul Ball, location: 2F
2-2: Ball
3-2: Foul Ball, location: 2F
3-2: Foul Ball, location: 2F
3-2: SINGLE (Groundball, 4M, EV 103.8 MPH) (infield hit)
Batting: RHB Kyle DiRocco 0-0: Fly out, F9 (Flyball, 89M, EV 88.8 MPH)
Batting: LHB Erik Dockery 0-0: Ball
1-0: Foul Ball, location: 2F
1-1: Ball
2-1: Foul Ball, location: 2F
2-2: Foul Ball, location: 2F
2-2: Ball
3-2: Foul Ball, location: 2F
3-2: Fly out, F8 (Flyball, 8RXD, EV 98.1 MPH)
Batting: RHB Kolten bin Aladdin 0-0: Swinging Strike
0-1: Ball
1-1: Ground out 4-3 (Groundball, 34D, EV 86.2 MPH)
Top of the 5th over - 0 runs, 1 hit, 0 errors, 1 left on base; Lowell 0 - Reading 2
BOTTOM OF THE 5TH
Reading Railers batting - Pitching for Lowell Patriots : RHP Lee Moss
Batting: RHB Riley Callaghan 0-0: Foul Ball, location: 2F
0-1: Ball
1-1: Ball
2-1: SINGLE (Flyball, 6MD, EV 86.2 MPH)
Batting: RHB Levi Jewell 0-0: Bunted foul
0-1: Ball
1-1: Sac Bunt to 5S - play at first, batter OUT! 5-3
Riley Callaghan to second
Batting: LHB Ronnie Jensen 0-0: SINGLE (Groundball, 3S, EV 68.1 MPH) (infield hit)
Riley Callaghan to third
Batting: RHB Dominick Munn 0-0: Ball
1-0: Ball
Ronnie Jensen is caught stealing 2nd base 2-4
2-0: Called Strike
2-1: Swinging Strike
2-2: Ball
3-2: Ground out 6-3 (Groundball, 6M, EV 105.6 MPH)
Bottom of the 5th over - 0 runs, 2 hits, 0 errors, 1 left on base; Lowell 0 - Reading 2
TOP OF THE 6TH
Lowell Patriots batting - Pitching for Reading Railers : LHP Colin Tabor
Batting: RHB Cecil Soedjatmoko 0-0: Ball
1-0: Ground out 3-1 (Groundball, 34, EV 85.6 MPH)
Batting: LHB Johnny Nieves 0-0: Ball
1-0: Foul Ball, location: 2F
1-1: Ground out 4-3 (Groundball, 4, EV 80.0 MPH)
Batting: RHB Scott Bergan 0-0: Ball
1-0: Ground out 6-3 (Groundball, 56D, EV 100.6 MPH)
Top of the 6th over - 0 runs, 0 hits, 0 errors, 0 left on base; Lowell 0 - Reading 2
BOTTOM OF THE 6TH
Reading Railers batting - Pitching for Lowell Patriots : RHP Lee Moss
Batting: LHB Nick Rankin 0-0: Called Strike
0-1: Ground out U3 (Groundball, 3, EV 85.0 MPH)
Batting: LHB Tommy Olson 0-0: Ball
1-0: Swinging Strike
1-1: Ball
2-1: Foul Ball, location: 2F
2-2: Ball
3-2: Foul Ball, location: 2F
3-2: Base on Balls
Batting: RHB Nyles Quinones 0-0: Ball
1-0: Ball
2-0: Foul Ball, location: 2F
2-1: Ball
3-1: SINGLE (Groundball, 56D, EV 109.4 MPH)
Tommy Olson to second
Batting: LHB Shawn Shope 0-0: Called Strike
0-1: Called Strike
0-2: Strikes out swinging
Batting: RHB Jaren Barr 0-0: Ball
1-0: Ball
2-0: Called Strike
2-1: Ball
3-1: Base on Balls
Tommy Olson to third
Nyles Quinones to second
Batting: RHB Riley Callaghan 0-0: Swinging Strike
0-1: Called Strike
0-2: Ball
1-2: Foul Ball, location: 2F
1-2: Ball
2-2: Ball
3-2: Base on Balls
Tommy Olson scores
Nyles Quinones to third
Jaren Barr to second
Batting: RHB Levi Jewell 0-0: Ball
1-0: Ball
2-0: Foul Ball, location: 2F
2-1: Fielders Choice at 2nd, 6-4 (Groundball, 6, EV 83.1 MPH)
Bottom of the 6th over - 1 run, 1 hit, 0 errors, 3 left on base; Lowell 0 - Reading 3
TOP OF THE 7TH
Lowell Patriots batting - Pitching for Reading Railers : LHP Colin Tabor
Batting: LHB Rick Blom 0-0: Foul Ball, location: 2F
0-1: Foul Ball, location: 2F
0-2: Ball
1-2: SINGLE (Line Drive, 4D, EV 103.8 MPH)
Batting: RHB Parker Woods 0-0: Swinging Strike
0-1: Ball
1-1: Ball
Pickoff Throw to First - Out! 1-3
2-1: Fly out, F9 (Line Drive, 89M, EV 106.9 MPH)
Batting: LHB Rashaun Harrington 0-0: Ball
1-0: Called Strike
1-1: Ball
2-1: SINGLE (Groundball, 4MD, EV 93.8 MPH)
Batting: RHB Kyle DiRocco 0-0: Ball
1-0: Ball
2-0: SINGLE (Line Drive, 89S, EV 92.5 MPH)
Rashaun Harrington to second
Runner from 2nd tries for 3rd, OUT! 8-5
Top of the 7th over - 0 runs, 3 hits, 0 errors, 1 left on base; Lowell 0 - Reading 3
BOTTOM OF THE 7TH
Reading Railers batting - Pitching for Lowell Patriots : RHP Lee Moss
Batting: LHB Ronnie Jensen 0-0: Called Strike
0-1: Ball
1-1: Ball
2-1: Foul Ball, location: 2F
2-2: Strikes out swinging
Batting: RHB Dominick Munn 0-0: Called Strike
0-1: Foul Ball, location: 2F
0-2: Foul Ball, location: 2F
0-2: Ball
1-2: SINGLE (Line Drive, 89S, EV 86.2 MPH)
Pitching: RHP Tevonn Popescu
Batting: LHB Nick Rankin 0-0: Ball
1-0: Reached on error, E4 (Groundball, 4M, EV 97.5 MPH)
Dominick Munn to second
Batting: LHB Tommy Olson 0-0: Grounds into double play, 6-4-3 (Groundball, 6M, EV 85.0 MPH)
Bottom of the 7th over - 0 runs, 1 hit, 1 error, 1 left on base; Lowell 0 - Reading 3
TOP OF THE 8TH
Lowell Patriots batting - Pitching for Reading Railers : LHP Colin Tabor
Batting: LHB Erik Dockery 0-0: SINGLE (Groundball, 4D, EV 97.5 MPH)
Batting: RHB Kolten bin Aladdin 0-0: DOUBLE (Groundball, 5L, EV 107.5 MPH)
Erik Dockery to third
Pinch Hitting: SHB Kaleb Biggs 0-0: Ball
1-0: Foul Ball, location: 2F
1-1: Ball
2-1: Fly out, F7 (Flyball, 7S, EV 93.1 MPH)
Pitching: RHP Johnny Youngstrom
Batting: LHB Johnny Nieves 0-0: Ball
1-0: Fly out, F8 (Flyball, 8LM, EV 91.9 MPH)
Runner from 3rd tags up, SCORES, throw by CF
Pinch Hitting: SHB Richard Dennis 0-0: Called Strike
0-1: Ball
1-1: Swinging Strike
1-2: Foul Ball, location: 2F
1-2: Fly out, F3 (Line Drive, 3L, EV 70.6 MPH)
Top of the 8th over - 1 run, 2 hits, 0 errors, 1 left on base; Lowell 1 - Reading 3
BOTTOM OF THE 8TH
Reading Railers batting - Pitching for Lowell Patriots : RHP Tevonn Popescu
Now at 3B: Marty Covarrubias
Now in LF: Rick Blom
Now in RF: Richard Dennis
Batting: RHB Nyles Quinones 0-0: Called Strike
0-1: Ground out 6-3 (Groundball, 6, EV 83.1 MPH)
Batting: LHB Shawn Shope 0-0: Called Strike
0-1: Ball
1-1: Foul Ball, location: 2F
1-2: Foul Ball, location: 2F
1-2: Foul Ball, location: 2F
1-2: Foul Ball, location: 2F
1-2: Ball
2-2: Ball
3-2: Base on Balls
Batting: RHB Jaren Barr 0-0: Ball
1-0: Called Strike
1-1: Grounds into double play, 5-4-3 (Groundball, 5, EV 81.2 MPH)
Bottom of the 8th over - 0 runs, 0 hits, 0 errors, 0 left on base; Lowell 1 - Reading 3
TOP OF THE 9TH
Lowell Patriots batting - Pitching for Reading Railers : RHP Johnny Youngstrom
Batting: LHB Rick Blom 0-0: Swinging Strike
0-1: Foul Ball, location: 2F
0-2: Ball
1-2: Strikes out swinging
Batting: RHB Parker Woods 0-0: Ball
1-0: Ball
2-0: Ball
3-0: Called Strike
3-1: Fly out, F2 (Popup, 2R, EV 94.4 MPH)
Batting: LHB Rashaun Harrington 0-0: Ball
1-0: Swinging Strike
1-1: Ball
2-1: Foul Ball, location: 2F
2-2: Strikes out swinging
Top of the 9th over - 0 runs, 0 hits, 0 errors, 0 left on base; Lowell 1 - Reading 3
Saturday, March 23rd , 2024 - OOTP Baseball 23.10 Build 110